AoeStats
← Vilo41

Arena

509765235Analyzed
1v1 RM · 4d ago on Sep 27, 2026· 25m 44s· 2 players
Game mode
Random Map
Map size
Tiny (2 player)
Population
200
Speed
Normal
Resources
Standard
Victory
Conquest
Starting age
Dark Age
Ending age
Imperial Age
RankedLock teamsTeams togetherTeam positionsShared explorationLock speedFull tech treeHidden civsTurbo modeCheats
Victory
Defeat
🇦🇷 Portuguese · Argentina
699
+16
🇻🇪 Aztecs · Venezuela
705
-34
casajosemus
0:47 Loom
11:30 Feudal Age
11:36 Man-at-Arms
12:04 Horse Collar
12:58 Arson
15:33 Double-Bit Axe
16:18 Forging
21:54 Castle Age
19:57 Scale Mail Armor
22:25 Elite Skirmisher
22:38 Long Swordsman
23:11 Fletching
Vilo41
11:31 Feudal Age
12:51 Wheelbarrow
12:05 Double-Bit Axe
12:59 Man-at-Arms
20:39 Scale Mail Armor
25:19 Castle Age
23:58 Horse Collar
24:27 Padded Archer Armor
Connection lost

Rejoining the realm…

Still unreachable

The connection could not be restored.

Session expired

The server has moved on; the page needs a fresh start.